 Dungeon Crawl Stone Soup version 0.31-a0-441-g867994ef1c (webtiles) character file.

Game seed: 13012338849384998367

180 redmage the Digger (level 6, -1/45 HPs)
             Began as a Meteoran Earth Elementalist on Aug 2, 2023.
             Slain by an orc
             ... wielding a +0 whip
              (2 damage)
             ... on level 6 of the Dungeon.
             The game lasted 00:09:38 (547 turns).

redmage the Digger (Meteoran Earth Elementalist)     Turns: 547, Time: 00:09:38

Health: -1/45      AC:  6    Str: 13    XL:     6   Next: 15%
Magic:  3/11       EV: 11    Int: 19    God:
Gold:   43         SH:  0    Dex: 15    Spells: 5/11 levels left

rFire   + . .        (no weapon)
rCold   + . .        (no shield)
rNeg    . . .        g - +1 ring mail of Tulips {Str+4 SInv}
rPois   .            (no helmet)
rElec   .            c - scarf {rC+ rF+}
rCorr   .            (no gloves)
SInv    +            (no boots)
Will    .....        (no amulet)
Stlth   +            (no ring)
HPRegen 0.27/turn    (no ring)
MPRegen 0.12/turn

%: no passive effects
@: glowing
A: sense surroundings 1, otherworldly, glowing, explore regen
a: no special abilities


You were on level 6 of the Dungeon.
You visited 1 branch of the dungeon, and saw 6 of its levels.

You collected 43 gold pieces.

Inventory:

Missiles
 h - 2 poisoned darts
Armour
 a - a +0 robe
 c - a scarf of resistance (worn)
 g - the +1 ring mail of Tulips (worn) {Str+4 SInv}
   (You found it on level 3 of the Dungeon)

   Str:       It affects your strength (+4).
   SInv:      It lets you see invisible.
Talismans
 d - a beast talisman
Potions
 b - a potion of magic
 e - a potion of curing
 i - a potion of heal wounds {unknown}


   Skills:
 - Level 2.8 Dodging
 - Level 1.7 Stealth
 - Level 3.0 Spellcasting
 * Level 4.1 Conjurations
 + Level 1.9 Transmutations
 + Level 5.0 Earth Magic


You had 5 spell levels left.
You knew the following spells:

 Your Spells              Type           Power      Damage    Failure   Level
a - Sandblast             Erth           44%        2d11      4%          1
b - Passwall              Tmut/Erth      13%        N/A       12%         2
c - Stone Arrow           Conj/Erth      40%        3d9       16%         3

Your spell library contained the following spells:

 Spells                   Type           Power      Damage    Failure   Level
 Petrify                  Tmut/Erth      16%        N/A       63%         4


Dungeon Overview and Level Annotations

Branches:
Dungeon (6/15) Zot: 3024
 Temple: D:4-7

Altars:


Innate Abilities, Weirdness & Mutations

You passively map a small area around you.
You are easily found by Zot.
You glow in the dark.
You regain HP and MP as you explore.


Message History

Unknown command.
Casting: Sandblast (safe; 4% risk of failure)
Confirm with . or Enter, or press ? or * to list all spells.
Aiming: Sandblast (safe; 4% risk of failure)
Press: ? - help, Shift-Dir - straight line, f/p - orc priest
Aim: an orc priest, wielding a +0 falchion and wearing a +0 leather armour (83% to hit)
The blast of sand hits the orc priest.
The orc priest is moderately wounded.
The orc priest hits you with a +0 falchion.
The orc hits you with a +0 whip.
The orc priest hits you with a +0 falchion.
The orc closely misses you.
Unknown command.
Unknown command.
Casting: Sandblast (safe; 4% risk of failure)
Confirm with . or Enter, or press ? or * to list all spells.
Aiming: Sandblast (safe; 4% risk of failure)
Press: ? - help, Shift-Dir - straight line, f/p - orc priest
Aim: an orc priest, wielding a +0 falchion and wearing a +0 leather armour (moderately wounded, 83% to hit)
The blast of sand hits the orc priest.
The orc priest is heavily wounded.
The orc priest hits you with a +0 falchion.
The orc hits you with a +0 whip.
* * * LOW HITPOINT WARNING * * *
Your magical contamination has completely faded away.
Unknown command.
Unknown command.
Unknown command.
Casting: Sandblast (safe; 4% risk of failure)
Confirm with . or Enter, or press ? or * to list all spells.
Aiming: Sandblast (safe; 4% risk of failure)
Press: ? - help, Shift-Dir - straight line, f/p - orc priest
Aim: an orc priest, wielding a +0 falchion and wearing a +0 leather armour (heavily wounded, 83% to hit)
The blast of sand hits the orc priest!
The orc priest is almost dead.
The orc priest calls down the wrath of Beogh upon you.
Beogh smites you!
* * * LOW HITPOINT WARNING * * *
The orc hits you with a +0 whip.
You die...

.........# * ,
.........#
.........#####.
...............
.. #...### * *
...##≈.o..#, *
##.~≈#...# , *
*.#..~≈..###*
...~.≈.oo@# , ,
, ###...≈.##o#
##..≈....#, ,
###≈##### * ,
## * , *, **


You could see an orc priest and 2 orcs.

Vanquished Creatures
  A sky beast (D:3)
  2 adders (D:3)
  4 gnolls (D:2)
  An orc (D:6)
  4 bats
  An endoplasm (D:2)
  2 giant cockroaches (D:2)
  4 goblins (D:2)
  2 hobgoblins (D:1)
  4 jackals (D:1)
  A ball python (D:2)
  A kobold (D:1)
  2 rats (D:2)
29 creatures vanquished.

Notes
Turn   | Place    | Note
-------+----------+-------------------------------------------
     0 | D:1      | redmage the Meteoran Earth Elementalist began the quest for
                  | the Orb.
     0 | D:1      | Reached XP level 1. HP: 14/14 MP: 5/5
    24 | D:1      | Reached XP level 2. HP: 15/20 MP: 1/6
    70 | D:1      | Learned a level 2 spell: Passwall
   111 | D:2      | Found a faded altar of an unknown god.
   187 | D:3      | Noticed a sky beast
   205 | D:2      | Reached XP level 3. HP: 23/26 MP: 3/8
   209 | D:2      | Learned a level 3 spell: Stone Arrow
   217 | D:2      | Reached skill level 1 in Conjurations
   217 | D:2      | Reached skill level 4 in Earth Magic
   245 | D:2      | Reached XP level 4. HP: 31/33 MP: 4/9
   368 | D:3      | Identified the +1 ring mail of Tulips {Str+4 SInv}
   422 | D:3      | Reached XP level 5. HP: 31/38 MP: 6/10
   443 | D:3      | Killed a sky beast
   444 | D:3      | Reached skill level 5 in Earth Magic
   444 | D:3      | Reached XP level 6. HP: 37/45 MP: 4/11
   519 | D:4      | You fall into a shaft and drop 1 floor!
   519 | D:5      | Entered Level 5 of the Dungeon
   547 | D:6      | HP: 1/45 [orc priest/divine providence (11)]
   547 | D:6      | Slain by an orc

Illustrated notes

Levels and vault maps discovered:
D:1:      lightli_arrival_noodles, layout_loops_cross
D:2:      layout_loops_cross, shapermc_ecumenical_altar_gd, grunt_ministairs_1
D:3:      layout_loops_ring, lemuel_coloured_pillars_altar, serial_shops, shop,
          minmay_fountain_box, serial_bayou_lagoon_b, uniq_crazy_yiuf_cottage
D:4:      layout_basic, nicolae_shop_unique_rings, uniq_robin
D:5:      minmay_general_purpose_star, layout_rooms, uniq_grinder,
          uniq_blork_the_orc, uniq_eustachio, uniq_ijyb
D:6:      minmay_razor_zed, layout_basic, enter_ossuary_3,
          chequers_serial_rivers_micro_e, kennysheep_another_room,
          minmay_misc_feat_rows

Skill      XL: |  1  2  3  4  5 |
---------------+----------------+-----
Spellcasting   | 3 |  3.0
Conjurations   | 1 2 4 |  4.1
Earth Magic    | 4 5 |  5.0
Dodging        | |  2.8
Stealth        | |  1.7
Transmutations | |  1.9

Action                     |  1- 3 |  4- 6 || total
---------------------------+-------+-------++-------
  Melee: Unarmed           |     5 |       ||     5
   Cast: Sandblast         |    29 |    28 ||    57
         Passwall          |     1 |     2 ||     3
    Use: Scroll            |       |     1 ||     1
 Armour: Robe              |    13 |       ||    13
         Ring mail         |       |     7 ||     7
  Dodge: Dodged            |    28 |    14 ||    42

Table legend: (Time is in decaauts)
 A = Elapsed time spent in this place.
 B = Non-inter-level travel time spent in this place.
 C = Inter-level travel time spent in this place.
 D = Time resting spent in this place.
 E = Time spent auto-exploring this place.
 F = Levels seen in this place.
 G = Mean time per level.
                   A        B        C        D        E       F      G
               +--------+--------+--------+--------+--------+-----+--------+
         Total |    574 |    531 |     43 |      0 |      0 |   6 |   95.7 |
       Dungeon |    574 |    531 |     43 |      0 |      0 |   6 |   95.7 |
               +--------+--------+--------+--------+--------+-----+--------+

Top non-repeatable levels by time:
     D:2: 254 daAuts
     D:3: 136 daAuts
     D:1: 108 daAuts
     D:4: 43 daAuts
     D:6: 26 daAuts
     D:5: 4 daAuts
